Match 32902525
Unlisted

Match 32902525
End
Construct Barracks
Selects Airborne Battlegroup
Selects Heavy Machine Gun Paradrop
Heavy Machine Gun Paradrop
Riflemen Squad
Heavy Machine Gun Paradrop
Riflemen Squad
Riflemen Squad
M1 Mortar Team
Construct Weapon Support Center
Selects Smoke Bombing Run
Construct Medical Station
Riflemen Squad
Selects Paratrooper Squad Paradrop
Paratrooper Squad Paradrop
Infantry Support Center
Engineer Squad
M1918 Browning Automatic Rifles
Grenade Package
Construct Motor Pool
Advanced Logistics
Selects Supply Drop
Selects Paradrop Reinforcements
Selects Anti-tank Gun Team Paradrop
Paratrooper Squad Paradrop
Survival Training
Construct Tank Depot
.30 cal Machine Gun
M4A1 Sherman Medium Tank
M4(105) Sherman Bulldozer
AnyaDairin
☾MENTAL✧B☈EAKDANCE☽™
Bruistablet
MiskendTalent
0
0

Comments sign in to comment!

No comments posted yet!